Map: 2000 Atmospheres LE

Players

PattyMac - Winner!

  • Race: Protoss Protoss
  • League: Grandmaster

SortOf

  • Race: Zerg Zerg
  • League: Master

VOD

Have the link to the VOD?

Description

Time

  • Played on: June 17, 2021, 6:59 p.m.
  • Length: 9:33
Show
View Real Time Build Order
Export as new Build Order

PattyMac Protoss - Winner!

Build Orders: 1 Gate Expand, Carriers, Carrier Rush 

Get SALT Encoding   

  12  0:00  Probe  
  13  0:12  Probe  
  14  0:18  Pylon  
  14  0:24  Probe (Chrono Boost)  
  15  0:38  Probe (Chrono Boost)  
  15  0:40  Gateway  
  16  0:43  Probe (Chrono Boost)  
  17  0:50  Assimilator  
  17  0:53  Probe  
  18  1:05  Probe  
  19  1:17  Probe  
  20  1:26  Nexus  
  20  1:36  Cybernetics Core  
  20  1:41  Probe  
  20  1:45  Assimilator  
  21  1:53  Probe  
  22  1:55  Pylon  
  22  2:05  Probe (Chrono Boost)  
  23  2:10  Adept (Chrono Boost)  
  26  2:16  Probe (Chrono Boost)  
  26  2:22  Probe (Chrono Boost)  
  26  2:25  Stargate  
  26  2:27  Warp Gate  
  27  2:35  Probe (Chrono Boost), Adept  
  30  2:38  Probe (Chrono Boost)  
  31  2:48  Probe x2 (Chrono Boost)  
  33  2:54  Probe  
  33  2:56  Probe  
  35  3:03  Void Ray (Chrono Boost)  
  35  3:07  Probe  
  40  3:14  Probe  
  40  3:16  Pylon  
  40  3:19  Probe  
  42  3:21  Assimilator  
  42  3:23  Assimilator  
  42  3:26  Probe  
  43  3:30  Adept  
  43  3:31  Probe  
  43  3:34  Gateway  
  46  3:38  Probe  
  47  3:43  Probe  
  48  3:51  Probe  
  48  3:52  Fleet Beacon  
  49  3:57  Pylon, Probe  
  50  4:03  Probe  
  50  4:05  Stargate  
  50  4:09  Probe  
  52  4:13  Pylon  
  52  4:16  Probe  
  53  4:22  Probe  
  54  4:28  Probe  
  54  4:30  Nexus  
  61  4:49  Protoss Air Weapons Level 1  
  61  4:55  Carrier (Chrono Boost)  
  61  4:56  Carrier (Chrono Boost)  
  61  4:58  Probe  
  68  5:00  Probe  
  68  5:03  Pylon  
  69  5:11  Twilight Council  
  69  5:12  Probe  
  70  5:15  Forge  
  70  5:22  Probe  
  70  5:25  Probe  
  70  5:28  Pylon  
  72  5:31  Shield Battery  
  72  5:34  Probe (Chrono Boost)  
  73  5:39  Probe (Chrono Boost)  
  74  5:46  Probe (Chrono Boost)  
  74  5:48  Carrier (Chrono Boost)  
  82  5:52  Probe (Chrono Boost)  
  82  5:55  Probe x2 (Chrono Boost)  
  84  5:57  Probe (Chrono Boost)  
  84  6:01  Carrier (Chrono Boost)  
  84  6:03  Probe x2  
  93  6:07  Assimilator, Probe  
  93  6:08  Assimilator  
  94  6:12  Pylon  
  94  6:14  Robotics Facility  
  94  6:16  Probe x2  
  96  6:19  Protoss Ground Weapons Level 1 (Chrono Boost)  
  96  6:21  Charge  
  96  6:22  Probe  
  97  6:29  Gateway  
  97  6:30  Probe  
  98  6:36  Probe  
  99  6:42  Probe  
  99  6:43  Gateway, Probe  
  99  6:45  Gateway  
  101  6:47  Gateway  
  101  6:57  Gateway  
  101  6:58  Gateway  
  101  7:00  Protoss Air Weapons Level 2 (Chrono Boost), Pylon  
  101  7:09  Carrier  
  107  7:18  Observer (Chrono Boost)  
  107  7:19  Carrier  
  107  7:22  Zealot  
  116  7:25  Pylon  
  116  7:26  Pylon  
  116  7:43  Warp Prism, Pylon  
  118  7:46  Zealot x4, Templar Archives  
  126  7:55  Nexus  
  126  8:06  Zealot  
  126  8:07  Zealot x4  
  126  8:10  Pylon  
  126  8:11  Pylon  
  136  8:16  Photon Cannon  
  136  8:21  Zealot x2  
  140  8:32  High Templar x5  
  140  8:33  Void Ray, High Templar  
  152  8:35  Pylon  
  152  8:37  Archon x3, Pylon  
  156  8:47  Void Ray  
  158  8:57  Zealot x2  
  158  8:59  Pylon  
  162  9:05  Zealot x5  
  172  9:14  Zealot  
  148  9:20  Zealot x2  
  146  9:25  Zealot  
  146  9:26  Zealot x4  
Show
View Real Time Build Order
Export as new Build Order

SortOf Zerg 

Build Orders: Hatch First 

Get SALT Encoding   

  12  0:00  Drone  
  13  0:13  Overlord  
  13  0:18  Drone  
  14  0:31  Drone x2  
  16  0:50  Hatchery  
  16  0:53  Drone  
  16  0:56  Drone  
  17  0:59  Drone  
  18  1:11  Extractor  
  17  1:15  Spawning Pool  
  17  1:18  Drone  
  17  1:21  Drone  
  18  1:28  Drone  
  19  1:40  Drone  
  20  1:53  Overlord  
  20  2:01  Queen x2  
  20  2:03  Zergling x2  
  20  2:04  Drone  
  26  2:13  Zergling x2  
  26  2:15  Drone  
  28  2:17  Metabolic Boost  
  28  2:23  Drone  
  28  2:24  Drone  
  30  2:37  Hatchery  
  30  2:42  Queen  
  31  2:46  Drone  
  31  2:49  Overlord  
  32  2:53  Drone  
  32  2:54  Drone  
  34  3:03  Zergling x2  
  34  3:05  Drone  
  35  3:10  Queen  
  35  3:11  Overlord  
  37  3:15  Drone x2  
  39  3:23  Drone  
  39  3:26  Drone x2  
  39  3:27  Drone  
  43  3:28  Overlord  
  43  3:36  Queen  
  43  3:38  Drone x2  
  47  3:45  Overlord  
  47  3:48  Drone x3  
  50  3:51  Queen  
  50  3:54  Drone  
  53  3:56  Drone  
  53  3:57  Drone x2  
  53  4:01  Zergling x2  
  57  4:03  Overlord  
  57  4:05  Zergling x2  
  57  4:09  Drone  
  59  4:12  Drone x2  
  61  4:19  Spore Crawler  
  61  4:21  Spore Crawler, Overlord  
  61  4:22  Drone x5  
  64  4:27  Drone x3  
  67  4:32  Lair  
  67  4:37  Extractor  
  66  4:38  Roach Warren  
  66  4:41  Zergling x4  
  66  4:46  Drone x2, Overlord x2  
  73  4:52  Drone x5  
  73  4:57  Overlord  
  73  4:59  Drone x4  
  77  5:01  Drone  
  77  5:02  Overlord  
  77  5:05  Extractor  
  77  5:06  Evolution Chamber  
  76  5:08  Queen  
  76  5:11  Queen  
  80  5:16  Drone  
  81  5:22  Extractor x2  
  81  5:23  Drone x7  
  86  5:31  Overlord  
  86  5:32  Drone x2  
  88  5:35  Spire  
  88  5:37  Drone  
  88  5:38  Drone x2, Spore Crawler, Extractor  
  88  5:43  Hatchery  
  88  5:48  Zerg Missile Weapons Level 1  
  87  5:53  Queen  
  87  5:54  Infestation Pit  
  87  5:56  Queen  
  88  5:58  Overlord  
  88  6:00  Drone  
  90  6:05  Hydralisk Den  
  90  6:07  Drone x6  
  90  6:08  Spore Crawler  
  90  6:10  Drone  
  95  6:15  Glial Reconstitution  
  95  6:16  Overlord  
  95  6:18  Drone x4  
  95  6:19  Drone  
  95  6:24  Overlord  
  100  6:30  Overlord  
  100  6:33  Overlord  
  100  6:41  Overlord  
  100  6:44  Hive  
  100  6:46  Muscular Augments  
  102  6:47  Hydralisk x6  
  102  6:54  Evolution Chamber, Baneling Nest  
  109  6:55  Zerg Flyer Armor Level 1  
  109  7:01  Overlord  
  108  7:04  Hydralisk x3  
  108  7:06  Drone x3  
  117  7:09  Queen  
  117  7:11  Hydralisk  
  117  7:13  Drone  
  122  7:16  Drone x3  
  122  7:19  Extractor  
  122  7:20  Extractor  
  122  7:21  Spore Crawler  
  122  7:23  Hydralisk x3  
  128  7:32  Drone x3  
  128  7:33  Drone x3  
  128  7:34  Drone  
  135  7:37  Overlord  
  135  7:39  Hydralisk  
  135  7:40  Hydralisk  
  135  7:42  Centrifical Hooks  
  136  7:48  Hydralisk x2  
  136  7:49  Hydralisk x2  
  136  7:50  Spore Crawler  
  143  7:53  Zergling x2, Hydralisk x2  
  143  7:54  Zergling x2  
  143  7:55  Zergling x4  
  151  8:10  Zergling x16  
  159  8:19  Overlord  
  159  8:20  Queen  
  159  8:21  Queen  
  159  8:24  Hatchery  
  161  8:28  Baneling x9  
  161  8:35  Ultralisk Cavern  
  161  8:37  Overlord  
  161  8:38  Zergling x18  
  161  8:39  Baneling x5  
  161  8:41  Baneling x3  
  169  8:49  Hydralisk x2  
  169  8:50  Zergling x8  
  177  8:55  Overlord  
  177  8:56  Zergling x10  
  177  9:00  Baneling x8  
Tags
 
Add a new tag
Caveats
  • Supply blocks, unpowered buildings, or Contaminate may cause inaccurate times.
  • Supply counts are checked every 10 seconds.